 Dungeon Crawl Stone Soup version 0.27-a0-1196-g3e9cee4cb2 (webtiles) character file.

Game seed: 1639471440821138605

1096 bande the Shield-Bearer (level 8, 48/48 HPs)
             Began as a Gargoyle Fighter on May 27, 2021.
             Quit the game on level 6 of the Dungeon.
             The game lasted 00:10:43 (5638 turns).

bande the Shield-Bearer (Gargoyle Fighter)          Turns: 5638, Time: 00:10:43

Health: 48/48      AC: 16    Str: 28    XL:     8   Next: 31%
Magic:  8/8        EV:  7    Int:  8    God:
Gold:   246        SH: 11    Dex:  8    Spells: 7/7 levels left

rFire    . . .     SeeInvis .   a - +1 war axe
rCold    . . .     Faith    .   c - +1 kite shield
rNeg     + . .     Spirit   .   j - +0 chain mail
rPois    ∞         Reflect  .   (no helmet)
rElec    +         Harm     .   h - +0 cloak
rCorr    .         Rampage  .   (no gloves)
Will     .....     Clarity  +   (no boots)
Stlth    ..........             (no amulet)
HPRegen  0.16/turn              g - +6 ring of strength
MPRegen  0.11/turn              (no ring)

@: no status effects
A: sickness immunity, AC +5, negative energy resistance 1, electricity
resistance, torment resistance 1, petrification resistance, clarity, clumsy 1,
deterioration 1, wild magic 1, sturdy frame 1
a: no special abilities


You were on level 6 of the Dungeon.
You visited 2 branches of the dungeon, and saw 7 of its levels.

You collected 246 gold pieces.

Inventory:

Hand Weapons
 a - a +1 war axe (weapon)
 n - a +0 flail
Armour
 c - a +1 kite shield (worn)
 h - a +0 cloak (worn)
 j - a +0 chain mail (worn)
Jewellery
 g - a +6 ring of strength (left hand)
Wands
 l - a wand of flame (7)
 p - a wand of paralysis (9)
 q - a wand of mindburst (11)
Scrolls
 b - 2 scrolls of teleportation
 e - 3 scrolls of identify
 o - a scroll of enchant weapon
Potions
 d - 2 potions of might
 f - 3 potions of curing
 i - a potion of heal wounds
 k - a potion of ambrosia
 s - 2 potions of flight


   Skills:
 + Level 4.8 Fighting
 + Level 5.8 Axes
 + Level 5.3 Armour
 + Level 1.3 Dodging
 + Level 5.9 Shields
 * Level 1.0 Evocations


You had 7 spell levels left.
You didn't know any spells.
Your spell library contained the following spells:

 Spells                   Type           Power      Damage    Failure   Level
 Animate Skeleton         Necr           0%         N/A       99%         1
 Pain                     Necr           0%         1d4       99%         1
 Vampiric Draining        Necr           0%         2d6       100%        3
 Animate Dead             Necr           0%         N/A       100%        4
 Agony                    Necr           0%         N/A       100%        5


Dungeon Overview and Level Annotations

Branches:
Dungeon (6/15)             Temple (1/1) D:5

Altars:
Ashenzari
Elyvilon
Fedhas
Hepliaklqana
Makhleb
Nemelex Xobeh
Qazlal
Ru
Trog
Uskayaw
Xom
Zin
The Shining One

Shops:
D:1 !


Innate Abilities, Weirdness & Mutations

You are immune to sickness and miasma.
Your stone body is resilient. (AC +5)
You are immune to poison.
You resist negative energy. (rN+)
You are resistant to electric shocks. (rElec)
You are resistant to unholy torment.
You are immune to petrification.
You possess an exceptional clarity of mind.
You are clumsy. (Dex -2)
Your body sometimes deteriorates upon taking damage.
Your spells are a little harder to cast, but a little more powerful.
Your movements are slightly less encumbered by armour. (ER -2)


Message History

You slash the bullfrog!
You kill the bullfrog!
Your Evocations skill increases to level 1!
You closely miss the orc. You block the orc's attack.
The orc hits you with a +0 dagger.
You slash the orc!
You kill the orc!
You hit the orc. You block the orc's attack.
You slash the orc!
You kill the orc!
No target in view!
No target in view!
No target in view!
No target in view!
No target in view!
No target in view!
No target in view!
HP restored.
Items here: ))) [[ ††.
Items here: )) [[ ††.
Items here: ))) [[ ††.
Found a ring mail.
There is a fountain of clear blue water here.
There is a stone staircase leading up here.
You now have 246 gold pieces (gained 12).
p - a wand of paralysis (9)
Found a stone staircase leading up.
Really quaff the potion of mutation?
You feel extremely strange.
You feel clumsy.
Your feet thicken and deform.
You feel strong-willed.
You feel a strange attunement to the structure of the dungeons.
Really quaff the potion of mutation?
You feel extremely strange.
You no longer feel strong-willed.
Your hooves expand and flesh out into feet!
You feel slightly disoriented.
Your thoughts seem clearer.
You feel yourself wasting away.
You feel less encumbered by your armour.
You feel less in control of your magic.
Are you sure you want to abandon this character and quit the game? (Confirm with "yes".)

, , * #.# * * #.#
* ,* #.# * , #.#
## #.# . ### ,
#.#.# ,
,.....####.#.# #
*#......@....# .#
*
#.###.###.####.##
.., ##.......## *
...,
##..⌠...⌠..## ,
.<# #...........#
, # #.....⌠.....#
* #..<.....<..# *
* #.....⌠.....# *
#[..........#


There were no monsters in sight!

Vanquished Creatures
  Edmund (D:5)
  An ice beast (D:5)
  A black bear (D:5)
  An ogre (D:6)
  2 centaurs
  A bullfrog (D:6)
  A water moccasin zombie (D:5)
  A water moccasin skeleton (D:5)
  3 hounds
  2 jellies
  An orc priest (D:4)
  Natasha (thrice) (D:3)
  A howler monkey zombie (D:5)
  5 adders
  A worm (D:4)
  A dart slug (D:1)
  11 orcs
  6 ball pythons
  3 endoplasms
  8 giant cockroaches
  7 goblins
  3 hobgoblins
  8 kobolds
  2 quokkas (D:2)
  4 bats
  2 frilled lizards
  A quokka skeleton (D:4)
  A rat (D:3)
82 creatures vanquished.

Notes
Turn   | Place    | Note
-------+----------+-------------------------------------------
     0 | D:1      | bande the Gargoyle Fighter began the quest for the Orb.
     0 | D:1      | Reached XP level 1. HP: 14/14 MP: 1/1
   160 | D:1      | Found Iryxty's Distillery.
   244 | D:1      | Reached XP level 2. HP: 16/19 MP: 2/2
   585 | D:1      | Found a faded altar of an unknown god.
  1136 | D:2      | Reached XP level 3. HP: 18/23 MP: 3/3
  2044 | D:3      | Reached XP level 4. HP: 28/28 MP: 4/4
  2715 | D:3      | Noticed Natasha
  2720 | D:3      | Killed Natasha
  2932 | D:3      | Noticed Natasha
  2942 | D:3      | Killed Natasha
  2943 | D:3      | Reached XP level 5. HP: 33/33 MP: 5/5
  2952 | D:3      | Noticed Natasha
  2972 | D:3      | Killed Natasha
  3402 | D:4      | Noticed a centaur
  3427 | D:4      | Reached XP level 6. HP: 12/38 MP: 6/6
  4121 | D:5      | Entered Level 5 of the Dungeon
  4231 | D:5      | Found a staircase to the Ecumenical Temple.
  4241 | D:5      | Reached skill level 5 in Shields
  4244 | Temple   | Entered the Ecumenical Temple
  4373 | D:5      | Noticed a black bear
  4380 | D:5      | Killed a black bear
  4381 | D:5      | Reached XP level 7. HP: 34/43 MP: 7/7
  4535 | D:5      | Reached skill level 1 in Dodging
  4686 | D:5      | Noticed Edmund
  4696 | D:5      | Killed Edmund
  4697 | D:5      | Reached skill level 5 in Axes
  4697 | D:5      | Reached skill level 5 in Armour
  4849 | D:5      | Reached XP level 8. HP: 32/48 MP: 8/8
  5509 | D:6      | Reached skill level 1 in Evocations
  5636 | D:6      | Gained mutation: You are clumsy. (Dex -2) [potion of
                  | mutation]
  5636 | D:6      | Gained mutation: You have large cloven feet. [potion of
                  | mutation]
  5636 | D:6      | Gained mutation: You are strong-willed. (Will+) [potion of
                  | mutation]
  5636 | D:6      | Gained mutation: You passively map a small area around you.
                  | [potion of mutation]
  5637 | D:6      | Lost mutation: You are strong-willed. (Will+) [potion of
                  | mutation]
  5637 | D:6      | Lost mutation: You have large cloven feet. [potion of
                  | mutation]
  5637 | D:6      | Lost mutation: You passively map a small area around you.
                  | [potion of mutation]
  5637 | D:6      | Gained mutation: You possess an exceptional clarity of
                  | mind. [potion of mutation]
  5637 | D:6      | Gained mutation: Your body sometimes deteriorates upon
                  | taking damage. [potion of mutation]
  5637 | D:6      | Gained mutation: Your movements are slightly less
                  | encumbered by armour. (ER -2) [potion of mutation]
  5637 | D:6      | Gained mutation: Your spells are a little harder to cast,
                  | but a little more powerful. [potion of mutation]
  5638 | D:6      | Quit the game

Illustrated notes

Levels and vault maps discovered:
D:1:      roderic_dead_forest, layout_basic, basic_ecumenical_altar,
          serial_shops, shop
D:2:      layout_loops_cross, st_stairs_4
D:3:      layout_loops_cross, uniq_natasha
D:4:      layout_loops_ring
D:5:      layout_cave_pods, minmay_temple_entry_mini_moons, uniq_edmund
D:6:      layout_basic, grunt_ministairs_10
Temple:   cyrus_circular_temple

Skill      XL: |  1  2  3  4  5  6  7  8 |
---------------+-------------------------+-----
Axes           | 2 3 4 5 |  5.8
Shields        | 4 5 |  5.9
Armour         | 4 5 |  5.3
Fighting       | 4 |  4.8
Dodging        | 1 |  1.3
Evocations     | 1 |  1.0

Action                   |  1- 3 |  4- 6 |  7- 9 || total
-------------------------+-------+-------+-------++-------
Melee: War axe           |   111 |   133 |    64 ||   308
  Use: Scroll            |     5 |     5 |     5 ||    15
       Potion            |     2 |     3 |     2 ||     7
 Stab: Distracted        |       |       |     1 ||     1
Armor: Scale mail        |     6 |       |       ||     6
       Chain mail        |    84 |   107 |    38 ||   229
Dodge: Dodged            |    42 |    52 |    12 ||   106
Block: Kite shield       |    59 |   101 |    45 ||   205

Table legend: (Time is in decaauts)
 A = Elapsed time spent in this place.
 B = Non-inter-level travel time spent in this place.
 C = Inter-level travel time spent in this place.
 D = Time resting spent in this place.
 E = Time spent auto-exploring this place.
 F = Levels seen in this place.
 G = Mean time per level.
                   A        B        C        D        E       F      G
               +--------+--------+--------+--------+--------+-----+--------+
         Total |   5805 |   5787 |     18 |    771 |   3740 |   7 |  829.3 |
       Dungeon |   5682 |   5664 |     18 |    771 |   3633 |   6 |  947.0 |
        Temple |    122 |    122 |      0 |      0 |    107 |   1 |  122.0 |
               +--------+--------+--------+--------+--------+-----+--------+

Top non-repeatable levels by time:
     D:3: 1376 daAuts
     D:2: 1255 daAuts
     D:5: 1231 daAuts
     D:4: 982 daAuts
     D:1: 637 daAuts
     D:6: 198 daAuts
  Temple: 122 daAuts
